 Dungeon Sprint DCSS version 0.31-a0-325-g067879e3d3 (webtiles) character file.

Game seed: 16782809387432585300

44254 Conn the Sorcerer (level 14, -3/81 HPs)
             Began as an Octopode Fire Elementalist on July 18, 2023.
             Was the Champion of Sif Muna.
             Slain by an azure jelly (13 damage)
             ... in the Dungeon (Sprint III: "The Ten Rune Challenge").
             The game lasted 00:51:28 (6521 turns).

Conn the Sorcerer (Octopode Fire Elementalist)      Turns: 6521, Time: 00:51:29

Health: -3/81      AC: 13    Str: 12    XL:     14   Next: 27%
Magic:  17/44      EV: 16    Int: 34    God:    Sif Muna [******]
Gold:   751        SH:  0    Dex: 15    Spells: 3/55 levels left

rFire   + . .        A - +3 scimitar of the Rat {vamp, MP+9 Int+3}
rCold   + + .        (no shield)
rNeg    + . .        E - +2 hat {Int+3}
rPois   +            (no amulet)
rElec   .            d - +4 ring of protection
rCorr   .            l - +4 ring of protection
SInv    +            o - +6 ring of dexterity
Will    ++...        s - ring of see invisible
Stlth   +++++        t - ring "Mimor" {rPois rF++ rC+ Int+2}
HPRegen 0.33/turn    y - ring "Miyv" {rN+ Str+4 Int+5 Dex-4}
MPRegen 0.29/turn    z - ring of wizardry
                     K - ring of ice

%: no teleportation, wizardry (x1)
@: studying Translocations
A: almost no armour, amphibious, 8 rings, camouflage 1, gelatinous body 1,
(nimble swimmer 1), tentacles, iridescent scales 1, low MP 1, strong-willed 1,
noise suppression
a: Renounce Religion, Channel Magic, Forget Spell, Divine Exegesis


You were in the Dungeon.
You worshipped Sif Muna.
Sif Muna was exalted by your worship.
You visited 1 branch You collected 2675 gold pieces.
You spent 1924 gold pieces at shops.

Inventory:

Hand Weapons
 f - a +1 long sword of holy wrath
 g - a +0 dagger
 i - a +2 quarterstaff of chaos
 v - the +11 Singing Sword {sonic wave}
   (You took it off a deep elf annihilator in the Dungeon)
 A - the +3 scimitar of the Rat (weapon) {vamp, MP+9 Int+3}
   (You found it in the Dungeon)

   Int:       It affects your intelligence (+3).
   MP:        It affects your magic capacity (+9).
Missiles
 D - 7 curare-tipped darts (quivered)
Armour
 E - a +2 hat of intelligence (worn)
Magical Staves
 w - a staff of earth
Jewellery
 d - a +4 ring of protection (left tentacle)
 l - a +4 ring of protection (right tentacle)
 o - a +6 ring of dexterity (on tentacle)
 s - a ring of see invisible (on tentacle)
 t - the ring "Mimor" (on tentacle) {rPois rF++ rC+ Int+2}
   (You took it off a deep elf annihilator in the Dungeon)

   [ring of poison resistance]

   Int:       It affects your intelligence (+2).
   rF:        It greatly protects you from fire.
   rC:        It protects you from cold.
   rPois:     It protects you from poison.
 y - the ring "Miyv" (on tentacle) {rN+ Str+4 Int+5 Dex-4}
   (You found it in the Dungeon)

   [ring of positive energy]

   Str:       It affects your strength (+4).
   Int:       It affects your intelligence (+5).
   Dex:       It affects your dexterity (-4).
   rN:        It protects you from negative energy.
 z - a ring of wizardry (on tentacle)
 C - a +4 ring of slaying
 K - a ring of ice (on tentacle)
Talismans
 h - a beast talisman
 G - a maw talisman
Wands
 b - a wand of charming (6)
 r - a wand of iceblast (13)
Scrolls
 c - a scroll of amnesia
 k - 2 scrolls of immolation
 I - a scroll of brand weapon {unknown}
 J - a scroll of acquirement {unknown}
Potions
 a - a potion of magic
 e - a potion of berserk rage
 j - 2 potions of mutation
 m - a potion of resistance {unknown}
 n - a potion of degeneration {unknown}
 p - a potion of curing
 q - 6 potions of enlightenment
 F - a potion of brilliance {unknown}
Miscellaneous
 x - a tin of tremorstones (2/2)
 B - a phantom mirror


   Skills:
 + Level 2.9 Fighting
 + Level 1.3 Staves
 + Level 7.2 Dodging
 - Level 7.1 Stealth
 - Level 1.4 Unarmed Combat
 + Level 21.2 Spellcasting
 * Level 14.8 Conjurations
 + Level 5.0 Hexes
 + Level 8.3 Summonings
 - Level 4.0 Translocations
 + Level 19.7 Fire Magic
 + Level 1.6 Ice Magic
 + Level 2.9 Air Magic
 + Level 3.1 Earth Magic
 * Level 15.4 Invocations
 + Level 0.6 Evocations


You had 3 spell levels left.
You knew the following spells:

 Your Spells              Type           Power      Damage    Failure   Level
a - Foxfire               Conj/Fire      100%       2x1d9     0%          1
b - Scorch                Fire           100%       2d9       0%          2
c - Inner Flame           Hex/Fire       88%        N/A       0%          3
d - Flame Wave            Conj/Fire      100%       2d21      0%          4
e - Ignition              Fire           53%        3d15      1%          8
f - Fireball              Conj/Fire      50%        3d20      0%          5
g - Arcjolt               Conj/Air       38%        1d48      1%          5
h - Hailstorm             Conj/Ice       95%        3d19      1%          3
i - Blink                 Tloc           100%       N/A       1%          2
j - Summon Lightning Spi  Summ/Air       65%        N/A       1%          4
k - Summon Cactus Giant   Summ           37%        N/A       1%          6
m - Leda's Unmaking       Conj/Erth      39%        9d7       1%          6
n - Summon Guardian Gole  Hex/Summ       69%        N/A       1%          3

Your spell library contained the following spells:

 Spells                   Type           Power      Damage    Failure   Level
 Magic Dart               Conj           100%       1d8       0%          1
 Searing Ray              Conj           100%       2d8       0%          2
 Volatile Blastmotes      Fire/Tloc      100%       2d18      0%          3
 Apportation              Tloc           100%       N/A       1%          1
 Necrotise                Necr           100%       1d9       1%          1
 Slow                     Hex            100%       N/A       1%          1
 Sting                    Tmut/Pois      100%       1d8       1%          1
 Summon Small Mammal      Summ           100%       N/A       1%          1
 Call Imp                 Summ           100%       N/A       1%          2
 Lesser Beckoning         Tloc           100%       N/A       1%          2
 Poisonous Vapours        Pois/Air       92%        N/A       1%          2
 Static Discharge         Conj/Air       100%       2-7/arc   1%          2
 Confusing Touch          Hex            63%        N/A       1%          3
 Dazzling Flash           Conj/Hex       100%       N/A       1%          3
 Frozen Ramparts          Ice            100%       1d16      1%          3
 Portal Projectile        Hex/Tloc       100%       N/A       1%          3
 Stone Arrow              Conj/Erth      100%       3d13      1%          3
 Teleport Other           Tloc           58%        N/A       1%          3
 Vampiric Draining        Necr           36%        2d8       1%          3
 Vhi's Electric Charge    Tloc/Air       100%       N/A       1%          3
 Sticky Flame             Conj/Fire      100%       2d11      0%          4
 Cause Fear               Hex            31%        N/A       1%          4
 Fulminant Prism          Conj/Hex       40%        3d19      1%          4
 Leda's Liquefaction      Hex/Erth       29%        N/A       1%          4
 Manifold Assault         Tloc           58%        N/A       1%          4
 Passage of Golubria      Tloc           58%        N/A       1%          4
 Summon Ice Beast         Ice/Summ       81%        N/A       1%          4
 Freezing Cloud           Conj/Ice/Air   44%        6-21      1%          5
 Irradiate                Conj/Tmut      36%        3d23      1%          5
 Iskenderun's Battlesphe  Conj           95%        2d14      1%          5
 Summon Forest            Summ/Tloc      33%        N/A       1%          5
 Summon Mana Viper        Hex/Summ       69%        N/A       1%          5
 Conjure Ball Lightning   Conj/Air       38%        3x3d12    1%          6
 Plasma Beam              Fire/Air       42%        2x1d56    1%          6
 Starburst                Conj/Fire      50%        6d14      1%          6
 Orb of Destruction       Conj           47%        9d12      1%          7
 Lee's Rapid Deconstruct  Erth           27%        3d15*     2%          5
 Spellforged Servitor     Conj/Summ      43%        N/A       2%          7
 Olgreb's Toxic Radiance  Pois           36%        N/A       3%          4
 Yara's Violent Unravell  Hex/Tmut       26%        3d11      3%          5
 Borgnjor's Vile Clutch   Necr/Erth      23%        N/A       4%          5
 Monstrous Menagerie      Summ           37%        N/A       10%         7
 Dispersal                Tloc           29%        N/A       11%         6
 Malign Gateway           Summ/Tloc      33%        N/A       22%         7
 Fire Storm               Conj/Fire      50%        8d13      26%         9
 Simulacrum               Ice/Necr       29%        N/A       34%         6
 Death Channel            Necr           18%        N/A       45%         6
 Eringya's Noxious Bog    Tmut/Pois      18%        4d6       45%         6
 Lehudib's Crystal Spear  Conj/Erth      39%        10d10     45%         8
 Ozocubu's Refrigeration  Ice            31%        4d14      78%         7
 Discord                  Hex            31%        N/A       93%         8
 Disjunction              Tloc           29%        N/A       98%         8
 Chain Lightning          Conj/Air       38%        3d51      100%        9
 Dragon's Call            Summ           37%        N/A       100%        9
 Polar Vortex             Ice            31%        12d4*     100%        9
 Shatter                  Erth           27%        3d23*     100%        9


Dungeon Overview and Level Annotations

Branches:
Dungeon (1/1)

Altars:
Cheibriados
Dithmenos
Elyvilon
Fedhas
Gozag
Hepliaklqana
Kikubaaqudgha
Makhleb
Nemelex Xobeh
Okawaru
Qazlal
Ru
Sif Muna
Trog
Uskayaw
Vehumet
Wu Jian
Xom
Yredelemnul
Zin
The Shining One
Jiyva
Lugonu

Shops:
D =


Innate Abilities, Weirdness & Mutations

You cannot wear most types of armour.
You are amphibious.
You can wear up to eight rings at the same time.
Your skin changes colour to match your surroundings (Stealth+).
Your rubbery body absorbs attacks. (AC +1, EV +1)
((You are camouflaged when in or above water. (Stealth+)))
You have tentacles for arms and can constrict up to eight enemies at once.
You are partially covered in iridescent scales. (AC +2)
Your magical capacity is low. (-10% MP)
You are strong-willed. (Will+)
You passively dampen the noise of your surroundings.


Message History

The bolt of electricity hits the rockslime.
The rockslime resists.
You swap places.
The azure jelly hits your guardian golem!
The azure jelly freezes your guardian golem!!
Your guardian golem resists.
The azure jelly hits your guardian golem but does no damage. x3
The acid blob hits your lightning spire!
Your lightning spire is splashed with acid.
The acid corrodes your lightning spire!
The rockslime jiggles.
The rockslime hits your guardian golem!!
Your guardian golem stumbles backwards!
Your guardian golem is destroyed!
Your guardian golem disappears in a puff of smoke!
The azure jelly is struck by your cactus giant's spines.
The azure jelly hits your cactus giant.
The azure jelly freezes your cactus giant!!
The azure jelly hits your cactus giant.
The azure jelly freezes your cactus giant!!
Your cactus giant is destroyed!
Your cactus giant disappears in a puff of smoke!
The rockslime hits you!!
You hold your ground!
The acid blob hits your lightning spire!!
Your lightning spire is splashed with acid.
Your lightning spire seems to be corroded for longer.
Unknown command.
Casting: Summon Guardian Golem (safe; 1% risk of failure)
Confirm with . or Enter, or press ? or * to list all spells.
You blink.
The rockslime hits you!!!
Ouch! That really hurt!
* * * LOW HITPOINT WARNING * * *
You hold your ground!
The quicksilver ooze closely misses you.
The quicksilver ooze barely misses you.
The rockslime jiggles.
The azure jelly jiggles.
The azure jelly hits you!
* * * LOW HITPOINT WARNING * * *
The azure jelly freezes you! You resist.
You die...

#.#############+##########
##.###### ##.#...###
##..8JJJ§## ##..J.J..§.##
#...J###..J.#
#...##"##J..#
##.J#|φ)#J.##
#...##[##@..#
#....###JJ..#
##.........## ##.......##
###./.### #####


You could see an acid blob, 4 azure jellies, 6 rockslimes, a quicksilver ooze
and a friendly lightning spire (summoned, corroded).

Vanquished Creatures
  the Royal Jelly (D)
  Sigmund (D)
  3 acid blobs (D)
  Gastronok (D)
  8 azure jellies (D)
  2 quicksilver oozes (D)
  A deep elf demonologist (D)
  3 deep elf annihilators (D)
  A dire elephant (D)
  A deep elf death mage (D)
  A deep elf high priest (D)
  2 hydras (D)
  Erolcha (D)
  4 death yaks (D)
  Urug (D)
  A deep elf knight (D)
  A spriggan druid (D)
  A death drake (D)
  2 deep elf zephyrmancers (D)
  3 deep elf pyromancers (D)
  An orc sorcerer (D)
  2 shining eyes (D)
  2 elephants (D)
  A moth of wrath (D)
  2 black mambas (D)
  2 cane toads (D)
  Edmund (D)
  A komodo dragon (D)
  3 wandering mushrooms (D)
  A tyrant leech (D)
  A queen bee (D)
  8 blink frogs (D)
  A shadow (D)
  2 spriggans (D)
  4 redbacks (D)
  2 floating eyes (D)
  4 orc warriors (D)
  A swamp drake (D)
  3 black mamba simulacra (D)
  5 two-headed ogres (D)
  A necrophage (D)
  A water elemental (D)
  32 killer bees (D)
  An electric eel (D)
  A jelly (D)
  An orc priest (D)
  Crazy Yiuf (D)
  Jessica (D)
  A necromancer (D)
  A wizard (D)
  3 orc wizards (D)
  A wolf simulacrum (D)
  A kobold demonologist (D)
  3 humans (D)
  9 orcs (D)
  2 endoplasms (D)
  A rat (D)
147 creatures vanquished.

Vanquished Creatures (collateral kills)
  Rupert (D)
  A deep elf blademaster (D)
  An azure jelly (D)
  A dire elephant (D)
  A lindwurm (D)
  A rime drake (D)
  A tyrant leech (D)
  A redback (D)
8 creatures vanquished.

Vanquished Creatures (others)
  An azure jelly (D)
  2 fire vortices (D)
  119 foxfires (D)
122 creatures vanquished.

Grand Total: 277 creatures vanquished

Notes
Turn   | Place    | Note
-------+----------+-------------------------------------------
     0 | D        | Conn the Octopode Fire Elementalist began the quest for the
                  | Orb.
     0 | D        | Reached XP level 1. HP: 11/11 MP: 3/3
    42 | D        | Noticed Jessica
    52 | D        | Killed Jessica
    53 | D        | Reached skill level 3 in Spellcasting
    53 | D        | Reached skill level 5 in Fire Magic
    53 | D        | Reached XP level 2. HP: 4/17 MP: 0/6
    53 | D        | Reached XP level 3. HP: 5/21 MP: 0/7
   140 | D        | Noticed Crazy Yiuf
   156 | D        | Learned a level 2 spell: Scorch
   160 | D        | Learned a level 3 spell: Inner Flame
   170 | D        | Killed Crazy Yiuf
   171 | D        | Reached XP level 4. HP: 27/27 MP: 2/9
   252 | D        | Gained mutation: Your magical capacity is low. (-10% MP)
                  | [potion of mutation]
   252 | D        | Gained mutation: You are partially covered in iridescent
                  | scales. (AC +2) [potion of mutation]
   252 | D        | Gained mutation: You passively dampen the noise of your
                  | surroundings. [potion of mutation]
   252 | D        | Gained mutation: You are strong-willed. (Will+) [potion of
                  | mutation]
   258 | D        | Noticed a water elemental
   260 | D        | Killed a water elemental
   261 | D        | Reached skill level 5 in Stealth
   261 | D        | Reached skill level 4 in Spellcasting
   261 | D        | Reached XP level 5. HP: 31/31 MP: 4/10
   324 | D        | Learned a level 4 spell: Flame Wave
   324 | D        | Found a radiant altar of Vehumet.
   324 | D        | Found a shimmering blue altar of Sif Muna.
   324 | D        | Found an ancient bone altar of Kikubaaqudgha.
   330 | D        | Reached skill level 5 in Spellcasting
   335 | D        | Became a worshipper of Sif Muna the Loreminder
   336 | D        | Noticed a human
   337 | D        | Found a hide-covered altar of Uskayaw.
   337 | D        | Noticed a human
   338 | D        | Found an iron altar of Okawaru.
   338 | D        | Found a bloodstained altar of Trog.
   338 | D        | Found an ornate altar of the Wu Jian Council.
   355 | D        | Killed a human
   355 | D        | Killed a human
   356 | D        | Reached skill level 5 in Dodging
   356 | D        | Reached skill level 1 in Unarmed Combat
   356 | D        | Reached skill level 7 in Spellcasting
   356 | D        | Reached skill level 10 in Fire Magic
   356 | D        | Reached XP level 6. HP: 18/37 MP: 5/14
   356 | D        | Reached XP level 7. HP: 20/42 MP: 5/15
   456 | D        | Learned a level 1 spell: Slow
   456 | D        | Found a glowing silver altar of Zin.
   456 | D        | Found a glowing golden altar of the Shining One.
   456 | D        | Found a white marble altar of Elyvilon.
   458 | D        | Noticed a deep elf pyromancer
   461 | D        | Killed a deep elf pyromancer
   461 | D        | Reached * piety under Sif Muna
   462 | D        | Reached skill level 1 in Fighting
   462 | D        | Reached skill level 8 in Spellcasting
   462 | D        | Reached XP level 8. HP: 48/48 MP: 9/18
   521 | D        | Found a basalt altar of Yredelemnul.
   521 | D        | Found a shadowy altar of Dithmenos.
   521 | D        | Found a sacrificial altar of Ru.
   572 | D        | Reached ** piety under Sif Muna
   573 | D        | Noticed a shadow
   577 | D        | Killed a shadow
   578 | D        | Reached skill level 9 in Spellcasting
   648 | D        | Found a blossoming altar of Fedhas.
   648 | D        | Found a stormy altar of Qazlal.
   649 | D        | Found a snail-covered altar of Cheibriados.
   649 | D        | Found a burning altar of Makhleb.
   649 | D        | Found a hazy altar of Hepliaklqana.
   649 | D        | Found a shimmering altar of Xom.
   649 | D        | Found an opulent altar of Gozag.
   649 | D        | Found a sparkling altar of Nemelex Xobeh.
   649 | D        | Found a corrupted altar of Lugonu.
   649 | D        | Found a viscous altar of Jiyva.
   687 | D        | Reached skill level 1 in Invocations
   798 | D        | Reached *** piety under Sif Muna
   839 | D        | Noticed a two-headed ogre
   885 | D        | Killed a two-headed ogre
   886 | D        | Reached skill level 10 in Spellcasting
   886 | D        | Reached skill level 5 in Conjurations
   886 | D        | Reached skill level 1 in Hexes
   975 | D        | Found Wushoimn's Jewellery Shop.
   975 | D        | Noticed an orc sorcerer
   986 | D        | Reached **** piety under Sif Muna
   986 | D        | Killed an orc sorcerer
   987 | D        | Reached skill level 11 in Spellcasting
   987 | D        | Reached XP level 9. HP: 43/53 MP: 4/22
   996 | D        | Reached ***** piety under Sif Muna
   996 | D        | Received a gift from Sif Muna
  1371 | D        | Noticed a deep elf zephyrmancer
  1371 | D        | Noticed a deep elf pyromancer
  1371 | D        | Noticed a deep elf pyromancer
  1371 | D        | Noticed a deep elf zephyrmancer
  1371 | D        | Noticed a deep elf knight
  1386 | D        | Killed a deep elf zephyrmancer
  1387 | D        | Reached skill level 12 in Spellcasting
  1387 | D        | Reached skill level 5 in Invocations
  1392 | D        | Killed a deep elf zephyrmancer
  1393 | D        | Reached XP level 10. HP: 45/60 MP: 8/24
  1404 | D        | Got Sif Muna's Spellbook of Attacks {god gift}
  1423 | D        | Learned a level 5 spell: Fireball
  1500 | D        | Killed a deep elf pyromancer
  1501 | D        | Reached skill level 13 in Spellcasting
  1525 | D        | Killed a deep elf pyromancer
  1525 | D        | Received a gift from Sif Muna
  1526 | D        | Got Sif Muna's Parchment of the Conjured Vector {god gift}
  1577 | D        | Killed a deep elf knight
  1578 | D        | Reached skill level 1 in Staves
  1695 | D        | Bought a +4 ring of protection for 468 gold pieces
  1695 | D        | Bought a +4 ring of protection for 468 gold pieces
  1695 | D        | Bought a +6 ring of dexterity for 468 gold pieces
  1695 | D        | Bought a ring of see invisible for 195 gold pieces
  1815 | D        | Noticed a deep elf demonologist
  1820 | D        | Killed a deep elf demonologist
  1821 | D        | Reached skill level 14 in Spellcasting
  1821 | D        | Noticed a deep elf annihilator
  1823 | D        | Killed a deep elf annihilator
  1824 | D        | Reached skill level 15 in Fire Magic
  1955 | D        | Noticed a deep elf annihilator
  1956 | D        | Noticed a deep elf annihilator
  1966 | D        | Killed a deep elf annihilator
  1967 | D        | Reached skill level 15 in Spellcasting
  1967 | D        | Reached XP level 11. HP: 42/65 MP: 10/27
  2068 | D        | Noticed a deep elf death mage
  2076 | D        | Killed a deep elf death mage
  2185 | D        | Identified the ring "Mimor" {rPois rF++ rC+ Int+2}
  2939 | D        | Noticed a deep elf blademaster
  2939 | D        | Noticed a deep elf high priest
  2941 | D        | Killed a deep elf high priest
  2942 | D        | Killed a deep elf blademaster
  3221 | D        | Learned a level 5 spell: Arcjolt
  3252 | D        | Killed a deep elf annihilator
  3253 | D        | Reached skill level 16 in Spellcasting
  3253 | D        | Reached skill level 1 in Air Magic
  3262 | D        | Identified the +3 scimitar of the Rat {vamp, MP+9 Int+3}
  3264 | D        | Identified the ring "Miyv" {rN+ Str+4 Int+5 Dex-4}
  3323 | D        | Learned a level 3 spell: Hailstorm
  3328 | D        | Learned a level 4 spell: Summon Ice Beast
  3374 | D        | Noticed Erolcha
  3381 | D        | Reached skill level 10 in Conjurations
  3384 | D        | Killed Erolcha
  3384 | D        | Received a gift from Sif Muna
  3385 | D        | Reached skill level 10 in Invocations
  3385 | D        | Got Sif Muna's Disquisition on Guile and Apparitions {god
                  | gift}
  3530 | D        | Learned a level 4 spell: Summon Lightning Spire
  3534 | D        | Received a gift from Sif Muna
  3536 | D        | Received a gift from Sif Muna
  3537 | D        | Reached ****** piety under Sif Muna
  3537 | D        | Received a gift from Sif Muna
  3541 | D        | Reached skill level 17 in Spellcasting
  3548 | D        | Got Sif Muna's Parchment of the Impact and Charms {god
                  | gift}
  3548 | D        | Got Sif Muna's Omnibus of Bedrock and the Iceberg {god
                  | gift}
  3645 | D        | Noticed Sigmund
  3645 | D        | Noticed Edmund
  3654 | D        | Killed Edmund
  3654 | D        | Received a gift from Sif Muna
  3655 | D        | Reached XP level 12. HP: 25/72 MP: 16/29
  3655 | D        | Killed Sigmund
  3662 | D        | Got Sif Muna's Folio of Meteoric Leadership {god gift}
  3670 | D        | Learned a level 6 spell: Summon Cactus Giant
  3819 | D        | Reached skill level 1 in Ice Magic
  3905 | D        | Learned a level 5 spell: Irradiate
  3914 | D        | Received a gift from Sif Muna
  3915 | D        | Got Sif Muna's Sophisticated Magical Knowledge {god gift}
  4023 | D        | Reached skill level 18 in Spellcasting
  4134 | D        | Noticed a dire elephant
  4134 | D        | Noticed a dire elephant
  4134 | D        | Noticed Gastronok
  4156 | D        | Received a gift from Sif Muna
  4159 | D        | Killed a dire elephant
  4160 | D        | Reached skill level 5 in Summonings
  4262 | D        | Killed a dire elephant
  4393 | D        | Killed Gastronok
  4534 | D        | Got Sif Muna's Even More Spellcraft {god gift}
  4552 | D        | Noticed an azure jelly
  4552 | D        | Noticed an azure jelly
  4552 | D        | Noticed an azure jelly
  4553 | D        | Noticed an azure jelly
  4558 | D        | Noticed Rupert
  4569 | D        | Killed Rupert
  4570 | D        | Reached XP level 13. HP: 76/76 MP: 26/32
  4650 | D        | Learned a level 6 spell: Leda's Unmaking
  4684 | D        | Reached skill level 1 in Earth Magic
  4684 | D        | Received a gift from Sif Muna
  4685 | D        | Reached skill level 19 in Spellcasting
  4685 | D        | Got Sif Muna's Precepts of the Fjord and the Tesseract {god
                  | gift}
  4703 | D        | Noticed Urug
  4741 | D        | Killed Urug
  5052 | D        | Received a gift from Sif Muna
  5198 | D        | Got the Codex of the Boggart
  5317 | D        | Got Sif Muna's Handbook of Grisly Generation {god gift}
  5430 | D        | Learned a level 2 spell: Blink
  5434 | D        | Learned a level 3 spell: Summon Guardian Golem
  5502 | D        | Reached skill level 1 in Translocations
  5573 | D        | Received a gift from Sif Muna
  5576 | D        | Got Sif Muna's Treatise on Nonlocality {god gift}
  5759 | D        | Bought a ring of ice for 325 gold pieces
  5832 | D        | Found a blossoming altar of Fedhas.
  6125 | D        | Killed an azure jelly
  6126 | D        | Killed an azure jelly
  6126 | D        | Received a gift from Sif Muna
  6126 | D        | Killed an azure jelly
  6127 | D        | Reached skill level 20 in Spellcasting
  6130 | D        | Killed an azure jelly
  6133 | D        | Got Sif Muna's Folio of Pyromancy {god gift}
  6233 | D        | Learned a level 8 spell: Ignition
  6242 | D        | Noticed an acid blob
  6242 | D        | Noticed an azure jelly
  6244 | D        | Killed an azure jelly
  6245 | D        | Killed an acid blob
  6245 | D        | Received a gift from Sif Muna
  6247 | D        | Noticed an azure jelly
  6247 | D        | Noticed an acid blob
  6265 | D        | Killed an azure jelly
  6266 | D        | Reached XP level 14. HP: 55/81 MP: 7/34
  6268 | D        | Killed an acid blob
  6504 | D        | Found a viscous altar of Jiyva.
  6504 | D        | Noticed the Royal Jelly
  6508 | D        | Noticed a rockslime
  6508 | D        | Noticed a rockslime
  6509 | D        | Noticed an azure jelly
  6509 | D        | Noticed a rockslime
  6509 | D        | Killed an azure jelly
  6509 | D        | Noticed a rockslime
  6509 | D        | Noticed a rockslime
  6509 | D        | Noticed an azure jelly
  6509 | D        | Noticed a quicksilver ooze
  6509 | D        | Noticed a quicksilver ooze
  6509 | D        | Noticed an azure jelly
  6510 | D        | Noticed an azure jelly
  6510 | D        | Noticed an acid blob
  6510 | D        | Killed an azure jelly
  6510 | D        | Killed an azure jelly
  6510 | D        | Killed the Royal Jelly
  6510 | D        | Received a gift from Sif Muna
  6510 | D        | Killed a quicksilver ooze
  6510 | D        | Killed a quicksilver ooze
  6510 | D        | Killed an azure jelly
  6510 | D        | Killed an acid blob
  6510 | D        | Noticed a rockslime
  6510 | D        | Noticed an acid blob
  6510 | D        | Noticed an azure jelly
  6510 | D        | Noticed a quicksilver ooze
  6510 | D        | Noticed an azure jelly
  6510 | D        | Noticed an azure jelly
  6510 | D        | Noticed an azure jelly
  6511 | D        | Reached skill level 21 in Spellcasting
  6511 | D        | Reached skill level 5 in Hexes
  6511 | D        | Reached skill level 15 in Invocations
  6521 | D        | Slain by an azure jelly

Illustrated notes

Levels and vault maps discovered:
D:        dungeon_sprint_mu [sprint_mu_entry_forest, sprint_mu_temple_rooms,
          sprint_mu_d1_spiders, sprint_mu_d2_genie, sprint_mu_d3_branching,
          sprint_mu_orc_legion, sprint_mu_elf_gauntlet, sprint_mu_hive_nellie,
          sprint_mu_lair_fedhas, sprint_mu_vaults_butterflies,
          sprint_mu_slime_circle, sprint_mu_shoals_archi,
          sprint_mu_snake_twists, sprint_mu_blade_basic, sprint_mu_crypt_lich,
          sprint_mu_tomb_spiral, sprint_mu_vestibule_basic,
          sprint_mu_gehenna_hellfire, sprint_mu_dis_giant,
          sprint_mu_tartarus_statrot, sprint_mu_cocytus_islands, sprint_mu_zot1]

Skill      XL: |  1  2  3  4  5  6  7  8  9 10 11 12 13 14 |
---------------+-------------------------------------------+-----
Stealth        | 4 5 6 7 |  7.1
Spellcasting   | 3 4 7 8 11 12 15 17 18 20 21 | 21.2
Fire Magic     | 5 6 7 10 12 13 14 15 16 17 19 | 19.7
Dodging        | 3 5 6 7 |  7.2
Conjurations   | 2 3 5 6 8 11 12 14 | 14.8
Unarmed Combat | 1 |  1.4
Fighting       | 1 2 |  2.9
Invocations    | 4 5 7 10 12 14 15 | 15.4
Hexes          | 1 2 3 4 5 |  5.0
Staves         | 1 |  1.3
Air Magic      | 1 2 |  2.9
Summonings     | 6 7 8 |  8.3
Ice Magic      | 1 |  1.6
Earth Magic    | 3 |  3.1
Translocations | 4 |  4.0
Evocations     | |  0.6

Action                     |  1- 3 |  4- 6 |  7- 9 | 10-12 | 13-15 || total
---------------------------+-------+-------+-------+-------+-------++-------
  Melee: Dagger            |     5 |       |       |       |       ||     5
         Unarmed           |     5 |       |       |       |       ||     5
         Tentacles         |     1 |       |     4 |       |     1 ||     6
         Constrict         |     1 |       |     4 |       |       ||     5
         Punch             |     1 |       |       |       |       ||     1
         Quarterstaff      |       |       |     9 |       |       ||     9
         Scimitar          |       |       |       |       |     2 ||     2
   Cast: Foxfire           |    14 |       |    16 |    32 |     7 ||    69
         Scorch            |       |     8 |    27 |    41 |    15 ||    91
         Flame Wave        |       |     1 |     2 |    13 |     3 ||    19
         Inner Flame       |       |       |    11 |    13 |     3 ||    27
         Fireball          |       |       |       |    54 |    31 ||    85
         Arcjolt           |       |       |       |     8 |       ||     8
         Hailstorm         |       |       |       |     4 |       ||     4
         Fire Storm        |       |       |       |     1 |       ||     1
         Chain Lightning   |       |       |       |     1 |       ||     1
         Summon Lightning  |       |       |       |     5 |     2 ||     7
         Summon Cactus Gia |       |       |       |     2 |     5 ||     7
         Summon Ice Beast  |       |       |       |     2 |       ||     2
         Ignition          |       |       |       |       |     8 ||     8
         Leda's Unmaking   |       |       |       |       |     2 ||     2
         Summon Guardian G |       |       |       |       |     2 ||     2
         Blink             |       |       |       |       |     4 ||     4
 Invoke: Divine Exegesis   |       |       |       |     2 |       ||     2
         Channel Magic     |       |       |       |     1 |     1 ||     2
  Evoke: Wand              |       |       |       |     1 |       ||     1
    Use: Potion            |       |     2 |     1 |     3 |     1 ||     7
         Scroll            |       |     1 |     2 |       |     6 ||     9
 Armour: Skin              |       |       |       |    10 |     5 ||    15
  Dodge: Dodged            |     8 |     4 |     7 |    30 |    13 ||    62

Table legend: (Time is in decaauts)
 A = Elapsed time spent in this place.
 B = Non-inter-level travel time spent in this place.
 C = Inter-level travel time spent in this place.
 D = Time resting spent in this place.
 E = Time spent auto-exploring this place.
 F = Levels seen in this place.
 G = Mean time per level.
                   A        B        C        D        E       F      G
               +--------+--------+--------+--------+--------+-----+--------+
         Total |   6496 |   6441 |     55 |   4201 |      0 |   1 | 6496.0 |
       Dungeon |   6496 |   6441 |     55 |   4201 |      0 |   1 | 6496.0 |
               +--------+--------+--------+--------+--------+-----+--------+

Top non-repeatable levels by time:
       D: 6496 daAuts
